 Dungeon Crawl Stone Soup version 0.30-a0-726-gd89dcf765f (webtiles) character file.

Game seed: 9561392292298513260

4332 Crownlay the Covert (level 10, -3/66 HPs)
             Began as an Octopode Earth Elementalist on Jan 29, 2023.
             Was an Initiate of Gozag.
             Shot with a sling bullet by Joseph (15 damage)
             ... on level 8 of the Dungeon.
             The game lasted 00:16:43 (8682 turns).

Crownlay the Covert (Octopode Earth Elementalist)   Turns: 8682, Time: 00:16:44

Health: -3/66      AC:  1    Str:  7    XL:     10   Next: 33%
Magic:  17/19      EV: 13    Int: 21    God:    Gozag
Gold:   1064       SH:  5    Dex: 14    Spells: 17/21 levels left

rFire   . . .      SeeInvis .    j - +1 long sword (protect)
rCold   + . .      Faith    .    (no shield)
rNeg    . . .      Spirit   .    (helmet restricted)
rPois   .          Reflect  +    l - amulet of reflection
rElec   .          Harm     .    m - +4 ring of slaying
rCorr   .          Rampage  .    c - ring of wizardry
Will    .....                    y - ring of protection from cold
Stlth   +++++                    (no ring)
HPRegen 0.31/turn                (no ring)
MPRegen 0.16/turn                (no ring)
                                 (no ring)
                                 (no ring)

@: no status effects
A: almost no armour, amphibious, 8 rings, camouflage 1, gelatinous body 1,
(nimble swimmer 1), tentacles
a: Renounce Religion, Potion Petition, Call Merchant, Bribe Branch


You were on level 8 of the Dungeon.
You worshipped Gozag.
Gozag was most pleased with you.
You visited 2 branches of the dungeon, and saw 9 of its levels.
You also visited: Ossuary.

You collected 1144 gold pieces.
You paid 80 gold pieces to Gozag.

Inventory:

Hand Weapons
 j - a +1 long sword of protection (weapon)
 D - a +3 spear of venom
Missiles
 o - 4 throwing nets
Jewellery
 c - a ring of wizardry (right tentacle)
 l - an amulet of reflection (around mantle)
 m - a +4 ring of slaying (left tentacle)
 r - an amulet of regeneration
 x - a ring of ice
 y - a ring of protection from cold (on tentacle)
Wands
 w - a wand of flame (27)
 A - a wand of charming (10)
 B - a wand of roots (8)
Scrolls
 b - a scroll of fear
 d - 3 scrolls of teleportation
 e - 3 scrolls of immolation
 g - a scroll of blinking {unknown}
 k - 2 scrolls of enchant weapon
 n - a scroll of fog
 q - 2 scrolls of butterflies
 v - a scroll of poison {unknown}
 C - a scroll of vulnerability {unknown}
Potions
 a - a potion of magic
 f - 11 potions of curing
 h - 3 potions of haste
 i - 3 potions of heal wounds
 p - 3 potions of mutation {unknown}
 s - 2 potions of attraction {unknown}
 t - a potion of might {unknown}
 u - a potion of brilliance {unknown}
 z - a potion of invisibility {unknown}


   Skills:
 + Level 5.0 Fighting
 - Level 2.0 Dodging
 - Level 10.0 Stealth
 - Level 6.0 Spellcasting
 + Level 2.7 Conjurations
 + Level 3.0 Transmutations
 - Level 10.0 Earth Magic


You had 17 spell levels left.
You knew the following spells:

 Your Spells              Type           Power      Damage    Failure   Level
a - Sandblast             Erth           96%        2d20      1%          1
b - Stone Arrow           Conj/Erth      64%        3d11      1%          3

Your spell library contained the following spells:

 Spells                   Type           Power      Damage    Failure   Level
 Passwall                 Tmut/Erth      27%        N/A       1%          2
 Petrify                  Tmut/Erth      33%        N/A       2%          4
 Momentum Strike          Conj/Tloc      22%        3d8       3%          2
 Blink                    Tloc           12%        N/A       6%          2
 Lesser Beckoning         Tloc           12%        N/A       6%          2
 Sublimation of Blood     Necr           6%         N/A       6%          2
 Irradiate                Conj/Tmut      9%         3d14      32%         5


Dungeon Overview and Level Annotations

Branches:
Dungeon (8/15)             Temple (1/1) D:4         Ossuary (visited)
   Lair: D:8-11

Altars:
Cheibriados
Dithmenos
Elyvilon
Fedhas
Gozag
Hepliaklqana
Kikubaaqudgha
Makhleb
Nemelex Xobeh
Okawaru
Qazlal
Ru
Uskayaw
Vehumet
Wu Jian
Yredelemnul
Zin
The Shining One

Annotations:
D:6 Dowan
D:8 Joseph
Temple 2 transporters


Innate Abilities, Weirdness & Mutations

You cannot wear most types of armour.
You are amphibious.
You can wear up to eight rings at the same time.
Your skin changes colour to match your surroundings (Stealth+).
Your rubbery body absorbs attacks. (AC +1, EV +1)
((You are camouflaged when in or above water. (Stealth+)))
You have tentacles for arms and can constrict up to eight enemies at once.


Message History

Things that are here:
a +0 short sword; a +0 robe
f - 11 potions of curing (gained 2)
Found a scale mail.
Found a stone staircase leading up.
An acid dragon comes into view.
Found a helmet.
Joseph, a Mercenary comes into view.
He is wielding a +0 quarterstaff.
The blast of sand hits the acid dragon!
The acid dragon is moderately wounded.
The acid dragon roars!
A two-headed ogre comes into view.
It is wielding a +0 giant spiked club and a +0 giant club.
The blast of sand hits the acid dragon!
The acid dragon is almost dead.
Joseph shouts!
The two-headed ogre shouts in stereo!
Joseph says, "I'm happy to see you. And I'll be happy to kill you."
Joseph unwields a +0 quarterstaff.
Joseph wields a +4 sling.
Joseph shoots a sling bullet.
The sling bullet hits you!
The blast of sand hits the acid dragon!
You kill the acid dragon!
Joseph shoots a sling bullet.
The sling bullet hits you!
Your Fighting skill increases to level 5!
Your Transmutations skill increases to level 3!
Joseph shoots a sling bullet.
The sling bullet barely misses you.
Joseph shoots a sling bullet.
The sling bullet hits you!!
A wight comes into view. It is wielding a +5 mace.
The wight is distracted by your dazzling golden aura.
There is a stone staircase leading up here.
Joseph shoots a sling bullet.
The sling bullet hits you.
Casting: Sandblast (safe; 1% risk of failure)
Confirm with . or Enter, or press ? or * to list all spells.
Aiming: Sandblast (safe; 1% risk of failure)
Press: ? - help, Shift-Dir - straight line, f - two-headed ogre
Aim: a two-headed ogre, wielding a +0 giant spiked club and a +0 giant club (93% to hit)
The blast of sand hits the two-headed ogre.
The two-headed ogre is lightly wounded.
Joseph shoots a sling bullet.
The sling bullet hits you!!
* * * LOW HITPOINT WARNING * * *
Joseph shoots a sling bullet.
The sling bullet hits you!
You die...
Your body crumbles into a pile of gold.

....~P♣♣. ......
#...~.PPP##
...........♣~♣~..#
.......z.........#
......#..........###
#..@..##...........#
#...<..............#
.......##.......@..#
[....$...@......)..#
.....##.####..O...)#
.... #....#....)..#
### ####.........#
###...##### ##..#
##.##### #......#


You could see Joseph and a two-headed ogre.

Vanquished Creatures
  Prince Ribbit (D:6)
  Grinder (D:3)
  3 yaks (D:5)
  A steam dragon (D:6)
  Menkaure (D:6)
  An acid dragon (D:8)
  An orc warrior (D:5)
  2 ice beasts
  3 ogres
  A centaur (D:7)
  2 phantoms (D:5)
  A gnoll sergeant (D:7)
  11 scorpions
  2 bullfrogs
  A necrophage (D:6)
  3 wights (D:8)
  3 centaur zombies (Ossuary)
  3 hounds
  3 jellies
  4 human zombies (Ossuary)
  6 orc priests
  8 orc wizards
  3 iguanas
  6 scorpion zombies (Ossuary)
  3 mummies (Ossuary)
  5 gnolls
  8 adders
  2 white imps
  An ufetubus (D:5)
  4 worms
  A dart slug (D:3)
  25 orcs
  4 ball pythons
  4 bats
  5 endoplasms
  A giant cockroach (D:3)
  6 goblins
  5 hobgoblins
  2 jackals (D:3)
  3 quokkas
  11 frilled lizards
  2 gnoll zombies (Ossuary)
  4 goblin zombies
  A hobgoblin zombie (Ossuary)
  8 kobolds
  3 kobold zombies (Ossuary)
  An orc zombie (Ossuary)
  2 rats
  A rat zombie (D:4)
183 creatures vanquished.

Notes
Turn   | Place    | Note
-------+----------+-------------------------------------------
     0 | D:1      | Crownlay the Octopode Earth Elementalist began the quest
                  | for the Orb.
     0 | D:1      | Reached XP level 1. HP: 11/11 MP: 3/3
   159 | D:1      | Reached XP level 2. HP: 17/17 MP: 1/5
   252 | D:1      | You fall into a shaft and drop 1 floor!
   820 | D:1      | Reached XP level 3. HP: 9/21 MP: 1/6
  1991 | D:3      | Noticed Grinder
  2000 | D:3      | Killed Grinder
  2001 | D:3      | Reached skill level 5 in Earth Magic
  2001 | D:3      | Reached XP level 4. HP: 27/27 MP: 2/7
  2001 | D:3      | Reached XP level 5. HP: 31/31 MP: 2/8
  2001 | D:3      | Reached XP level 6. HP: 36/36 MP: 2/9
  2411 | D:3      | Found a faded altar of an unknown god.
  2617 | D:3      | Identified the +0 sling of Fortitude {elec, rElec}
  3030 | D:4      | Found a staircase to the Ecumenical Temple.
  3063 | D:4      | Found a sand-covered staircase.
  3078 | Ossuary  | Entered an ossuary
  3207 | Ossuary  | Reached XP level 7. HP: 28/41 MP: 4/10
  3661 | Ossuary  | Learned a level 3 spell: Stone Arrow
  3837 | Ossuary  | Reached XP level 8. HP: 38/46 MP: 7/12
  4284 | Temple   | Entered the Ecumenical Temple
  4284 | Temple   | Found a transporter.
  4284 | Temple   | Found a transporter.
  4286 | Temple   | Found a transporter.
  4286 | Temple   | Found a transporter.
  4313 | Temple   | Became a worshipper of Gozag Ym Sagoz the Greedy
  4662 | D:4      | Reached skill level 1 in Fighting
  4984 | D:5      | Entered Level 5 of the Dungeon
  5613 | D:5      | Reached XP level 9. HP: 54/57 MP: 12/15
  5938 | D:5      | Reached skill level 5 in Spellcasting
  6707 | D:6      | Noticed Menkaure
  6712 | D:6      | Killed Menkaure
  6713 | D:6      | Reached skill level 10 in Stealth
  6971 | D:6      | Reached skill level 1 in Conjurations
  6974 | D:6      | Noticed Prince Ribbit
  6980 | D:6      | Killed Prince Ribbit
  6981 | D:6      | Reached XP level 10. HP: 32/64 MP: 11/18
  7240 | D:6      | Noticed Dowan
  7257 | D:6      | Found an iron altar of Okawaru.
  7257 | D:6      | Found a blossoming altar of Fedhas.
  7709 | D:7      | Reached skill level 10 in Earth Magic
  8187 | D:7      | Found an ornate altar of the Wu Jian Council.
  8470 | D:7      | Found the Hermit's Pendant {Faith Invo=14 Evo=0 MP+5}
  8666 | D:8      | Noticed Joseph
  8667 | D:8      | Noticed a two-headed ogre
  8670 | D:8      | Reached skill level 5 in Fighting
  8682 | D:8      | Shot with a sling bullet by Joseph

Illustrated notes

Levels and vault maps discovered:
D:1:      sevenhm_arrival_forest_fort_small_6, layout_loops_ring, serial_forest,
          infiniplex_forest_clump_tiny, infiniplex_forest_clump_large,
          infiniplex_forest_lined_4_way, infiniplex_forest_lined_2,
          infiniplex_forest_corner_1, minmay_pentomino_t2
D:2:      layout_basic, grunt_ministairs_5, hex_tiny, minivault_27
D:3:      minmay_bubble_buster, layout_loops_ring, ebering_ecumenical_altar_box,
          uniq_grinder
D:4:      layout_basic, minmay_temple_entry_waves, enter_ossuary_4
D:5:      layout_basic
D:6:      layout_loops_ring, mainiacjoe_overflow_divided_tiny,
          uniq_prince_ribbit1, uniq_duvessa, uniq_menkaure
D:7:      layout_loops_ring, mainiacjoe_overflow_chevrons
D:8:      layout_rooms, dpeg_oklobed_lair, serial_bayou_pond_e, uniq_grum,
          uniq_joseph
Temple:   hellmonk_temple_divided_pantheon

Skill      XL: |  1  2  3  4  5  6  7  8  9 10 |
---------------+-------------------------------+-----
Earth Magic    | 4 5 7 8 9 10 | 10.0
Stealth        | 6 7 8 10 | 10.0
Spellcasting   | 4 5 6 |  6.0
Fighting       | 3 4 5 |  5.0
Conjurations   | 1 2 |  2.7
Transmutations | 3 |  3.0
Dodging        | |  2.0

Action                     |  1- 3 |  4- 6 |  7- 9 | 10-12 || total
---------------------------+-------+-------+-------+-------++-------
  Melee: Unarmed           |     2 |       |       |       ||     2
         Tentacles         |     2 |       |     7 |       ||     9
         Long sword        |     4 |       |    18 |       ||    22
         Constrict         |     1 |       |     3 |       ||     4
         Punch             |       |       |     2 |       ||     2
   Cast: Sandblast         |    39 |    59 |   183 |    42 ||   323
         Stone Arrow       |       |       |    11 |     7 ||    18
    Use: Scroll            |     3 |     2 |     4 |     2 ||    11
         Potion            |       |       |     2 |       ||     2
 Armour: Skin              |     4 |     1 |    10 |       ||    15
  Dodge: Dodged            |     7 |    10 |    55 |     7 ||    79
  Block: Other             |     2 |     2 |    24 |     3 ||    31
         Reflection        |       |       |     1 |     1 ||     2

Table legend: (Time is in decaauts)
 A = Elapsed time spent in this place.
 B = Non-inter-level travel time spent in this place.
 C = Inter-level travel time spent in this place.
 D = Time resting spent in this place.
 E = Time spent auto-exploring this place.
 F = Levels seen in this place.
 G = Mean time per level.
                   A        B        C        D        E       F      G
               +--------+--------+--------+--------+--------+-----+--------+
         Total |   8848 |   8472 |    376 |    176 |   6733 |  10 |  884.8 |
       Dungeon |   7571 |   7204 |    367 |      0 |   6149 |   8 |  946.4 |
        Temple |     45 |     36 |      9 |      0 |      2 |   1 |   45.0 |
       Ossuary |   1230 |   1230 |      0 |    176 |    582 |   1 | 1230.0 |
               +--------+--------+--------+--------+--------+-----+--------+

Top non-repeatable levels by time:
     D:5: 1525 daAuts
 Ossuary: 1230 daAuts
     D:2: 1120 daAuts
     D:6: 1030 daAuts
     D:3: 1009 daAuts
     D:7: 958 daAuts
     D:4: 901 daAuts
     D:1: 885 daAuts
     D:8: 138 daAuts
  Temple: 45 daAuts
